 Dungeon Crawl Stone Soup version 0.30.1-11-g7821555f0a (webtiles) character file.

Game seed: 11054267369948126945

32 Gumption the Trooper (level 3, -1/33 HPs)
             Began as a Hill Orc Monk on Nov 10, 2023.
             Succumbed to Jessica's poison
             ... on level 2 of the Dungeon.
             The game lasted 00:05:23 (871 turns).

Gumption the Trooper (Hill Orc Monk)                 Turns: 871, Time: 00:05:23

Health: -1/33      AC:  5    Str: 15    XL:     3   Next: 27%
Magic:  3/3        EV: 11    Int: 10    God:
Gold:   40         SH:  0    Dex: 13    Spells: 2/2 levels left

rFire   . . .        a - +0 spear
rCold   . . .        d - orb {light}
rNeg    . . .        e - +0 ring mail
rPois   .            (no helmet)
rElec   .            (no cloak)
rCorr   .            (no gloves)
SInv    .            (no boots)
Will    .....        (no amulet)
Stlth   +            (no ring)
HPRegen 0.25/turn    (no ring)
MPRegen 0.08/turn

%: no passive effects
@: lethally poisoned (-1 -> -33), glowing
A: no striking features
a: no special abilities


You were on level 2 of the Dungeon.
You visited 1 branch of the dungeon, and saw 2 of its levels.

You collected 40 gold pieces.

Inventory:

Hand Weapons
 a - a +0 spear (weapon)
 f - a +0 mace
Missiles
 b - 2 boomerangs (quivered)
Armour
 d - an orb of light (worn)
 e - a +0 ring mail (worn)
Potions
 c - a potion of ambrosia
 g - a potion of haste {unknown}


   Skills:
 + Level 4.0 Fighting
 * Level 3.9 Polearms
 * Level 1.8 Armour
 - Level 2.4 Dodging


You had 2 spell levels left.
You didn't know any spells.
Your spell library was empty.

Dungeon Overview and Level Annotations

Branches:
Dungeon (2/15)

Altars:


Message History

Jessica barely misses you.
You hit Jessica.
Jessica is severely wounded.
The bat barely misses you.
Jessica drinks a potion.
Jessica is healed!
Jessica gestures at you while chanting. You resist with some effort.
You hit Jessica but do no damage. The bat hits you but does no damage.
Jessica hits you with a +0 dagger of venom.
You are poisoned.
The bat barely misses you.
You hit Jessica.
Jessica is heavily wounded.
You feel very sick. The bat hits you but does no damage.
Jessica casts a spell at you.
You barely resist. You barely miss Jessica.
Jessica is heavily wounded.
You feel sick. The bat hits you but does no damage.
Jessica hits you with a +0 dagger of venom.
You are more poisoned.
Jessica hits you with a +0 dagger of venom.
You are more poisoned.
You hit Jessica.
Jessica is severely wounded.
You feel very sick.
Jessica hits you with a +0 dagger of venom.
You are more poisoned.
The bat misses you.
You hit Jessica.
Jessica is almost dead.
* * * LOW HITPOINT WARNING * * *
You feel very sick. The bat hits you but does no damage.
Jessica hits you with a +0 dagger of venom.
* * * LOW HITPOINT WARNING * * *
You are more poisoned.
You hit Jessica.
You kill Jessica!
You die...

####### ##..## # ..
..# #.... .# .. #.#
#..# #.#
##.##.####..# #..
##..........#####.#
##.
#####.#####......##
.... #####.#
#####...#...#
......# #...b...#
####### #.@>....#
#.>.....# #.......#
#.......# ####.####
.# ?# .#


You could see a bat.

Vanquished Creatures
  Jessica (D:2)
  A dart slug (D:1)
  4 ball pythons (D:1)
  4 endoplasms (D:1)
  4 hobgoblins (D:1)
  4 jackals
  2 quokkas (D:1)
  A bat (D:1)
  5 frilled lizards (D:1)
  A kobold (D:1)
  2 rats (D:1)
29 creatures vanquished.

Notes
Turn   | Place    | Note
-------+----------+-------------------------------------------
     0 | D:1      | Gumption the Hill Orc Monk began the quest for the Orb.
     0 | D:1      | Reached XP level 1. HP: 19/19 MP: 1/1
    84 | D:1      | Reached skill level 1 in Armour
    84 | D:1      | Reached XP level 2. HP: 8/27 MP: 2/2
   605 | D:1      | Reached XP level 3. HP: 33/33 MP: 3/3
   841 | D:2      | Reached skill level 4 in Fighting
   858 | D:2      | Noticed Jessica
   871 | D:2      | Killed Jessica
   871 | D:2      | Succumbed to Jessica's poison

Illustrated notes

Levels and vault maps discovered:
D:1:      minmay_arrival_cross, layout_basic, minmay_tiny_reverse_x
D:2:      layout_loops_cross, uniq_sigmund, uniq_jessica

Skill      XL: |  1  2  3 |
---------------+----------+-----
Armour         | 1 |  1.8
Fighting       | 4 |  4.0
Polearms       | |  3.9
Dodging        | |  2.4

Action                     || total
---------------------------++-------
  Melee: Spear             ||    97
  Throw: Boomerang         ||     3
 Armour: Robe              ||     5
         Ring mail         ||    21
  Dodge: Dodged            ||    44
